 Dungeon Crawl Stone Soup version 0.32-a0-900-g30fb1b0edc (webtiles) character file.

Game seed: 6407309733367738556

16097 DEFE the Skirmisher (level 12, -16/81 HPs)
             Began as a Coglin Fighter on Apr 5, 2024.
             Was a High Priest of Okawaru.
             Demolished by a catoblepas (27 damage)
             ... on level 1 of the Lair of Beasts.
             The game lasted 00:18:57 (21381 turns).

DEFE the Skirmisher (Coglin Fighter)               Turns: 21381, Time: 00:18:57

Health: -16/81     AC:  6    Str: 19    XL:     12   Next: 33%
Magic:  5/5        EV: 13    Int: 12    God:    Okawaru [*****.]
Gold:   49         SH:  0    Dex: 17    Spells: 11/11 levels left

rFire   . . .        f - +7 sling "Jeuff" {antimagic, Int+5}
rCold   . . .        s - +0 sling (freeze) {Kanchana}
rNeg    . . .        F - +0 troll leather armour
rPois   .            n - +0 helmet
rElec   .            (no cloak)
rCorr   .            u - +0 pair of gloves
SInv    .            (no boots)
Will    .....        (amulet unavailable)
Stlth   +            (ring unavailable)
HPRegen 1.13/turn    (ring unavailable)
MPRegen 0.09/turn    (no gizmo)

%: no passive effects
@: revving
A: off-hand wielding, slow wielding, warmup strikes, no jewellery
a: Invent Gizmo, Renounce Religion, Heroism, Finesse, Duel


You were on level 1 of the Lair of Beasts.
You worshipped Okawaru.
Okawaru was extremely pleased with you.
You visited 3 branches of the dungeon, and saw 13 of its levels.

You collected 649 gold pieces.
You spent 600 gold pieces at shops.

Inventory:

Hand Weapons
 f - the +7 sling "Jeuff" (weapon) {antimagic, Int+5}
   (You bought it in a shop on level 1 of the Dungeon)

   Int+5:     It affects your intelligence (+5).
 q - a +0 dagger of electrocution {Sukanya}
 s - a +0 sling of freezing (offhand) {Kanchana}
 y - the +6 dagger of Veptaom {venom, Will+ Str+4}
   (You found it on level 4 of the Dungeon)

   Str+4:     It affects your strength (+4).
   Will+:     It increases your willpower.
Missiles
 d - a curare-tipped dart
Armour
 b - a +0 scale mail
 c - a +0 buckler
 n - a +0 helmet (worn)
 u - a +0 pair of gloves (worn)
 v - a +2 robe of willpower
 D - a +2 leather armour of cold resistance
 F - a +0 troll leather armour (worn)
Wands
 a - a wand of digging (5)
 o - a wand of flame (18)
 A - a wand of roots (2)
 E - a wand of paralysis (2)
Scrolls
 j - 2 scrolls of enchant armour
 l - 2 scrolls of enchant weapon
 w - 2 scrolls of poison
 x - 2 scrolls of revelation
 z - a scroll of noise
 B - 2 scrolls of butterflies
Potions
 e - a potion of degeneration {unknown}
 g - 3 potions of magic
 h - 4 potions of lignification
 i - a potion of resistance {unknown}
 k - 3 potions of brilliance
 m - a potion of ambrosia {unknown}
 p - 2 potions of attraction {unknown}
 r - a potion of cancellation {unknown}
 t - 2 potions of invisibility {unknown}
 G - a potion of curing


   Skills:
 - Level 3.0 Fighting
 - Level 2.2(5.3) Axes
 - Level 7.0(7.1) Polearms
 + Level 13.0 Ranged Weapons
 - Level 5.0 Armour
 + Level 5.4 Dodging
 - Level 2.1 Shields
 + Level 7.2 Invocations


You had 11 spell levels left.
You didn't know any spells.
Your spell library contained the following spells:

 Spells                   Type           Power      Damage    Failure   Level
 Sandblast                Erth           0%         2d4       36%         1
 Slow                     Hex            0%         N/A       36%         1
 Cigotuvi's Dreadful Rot  Necr/Alch/Air  0%         N/A       50%         2
 Ensorcelled Hibernation  Hex/Ice        0%         N/A       50%         2
 Lesser Beckoning         Tloc           0%         N/A       50%         2
 Confusing Touch          Hex            0%         N/A       75%         3
 Frozen Ramparts          Ice            0%         1d1       75%         3
 Maxwell's Portable Pile  Tloc           0%         2d(5-13)  75%         3
 Ozocubu's Armour         Ice            0%         N/A       75%         3
 Passwall                 Erth           0%         N/A       75%         3
 Stone Arrow              Conj/Erth      0%         3d7       75%         3
 Swiftness                Air            0%         N/A       75%         3
 Teleport Other           Tloc           0%         N/A       75%         3
 Vampiric Draining        Necr           0%         2d6       75%         3
 Brom's Barrelling Bould  Conj/Erth      0%         2d3       98%         4
 Ignite Poison            Fire/Alch      0%         N/A       98%         4
 Freezing Cloud           Conj/Ice/Air   0%         6-21      100%        5
 Metabolic Englaciation   Hex/Ice        0%         N/A       100%        5
 Summon Small Mammal      Summ           Unusable   N/A       N/A         1
 Call Canine Familiar     Summ           Unusable   N/A       N/A         3
 Summon Blazeheart Golem  Fire/Summ      Unusable   N/A       N/A         4

Dungeon Overview and Level Annotations

Branches:
Dungeon (11/15)            Temple (1/1) D:4            Lair (1/5) D:8
    Orc (0/2) D:10

Altars:
Ashenzari
Cheibriados
Dithmenos
Elyvilon
Fedhas
Gozag
Hepliaklqana
Kikubaaqudgha
Makhleb
Nemelex Xobeh
Okawaru
Qazlal
Ru
Sif Muna
Trog
Uskayaw
Vehumet
Wu Jian
Xom
Yredelemnul
Zin
The Shining One

Shops:
D:1 (   D:3 (   D:4 *   D:8 (


Innate Abilities, Weirdness & Mutations

You can wield a second weapon in your off-hand.
It takes a long time for you to wield or remove held weapons.
Your first few attacks do less damage.
You cannot equip rings or amulets.


Message History

You are engulfed in calcifying dust.
Unknown command.
The catoblepas gores you!
Unknown command.
Unknown command.
You shoot a sling bullet.
The sling bullet hits the catoblepas but does no damage.
The catoblepas is severely wounded.
You shoot a sling bullet.
The sling bullet hits the catoblepas but does no damage.
The catoblepas is severely wounded.
The catoblepas gores you!!
* * * LOW HITPOINT WARNING * * *
Unknown command.
Unknown command.
You shoot a sling bullet.
The sling bullet hits the catoblepas but does no damage.
The catoblepas is severely wounded.
You shoot a sling bullet.
The sling bullet hits the catoblepas but does no damage.
The catoblepas is severely wounded.
The catoblepas misses you.
Unknown command.
Aiming: Fastroot
Press: ? - help, Shift-Dir - straight line, f/p - catoblepas
Aim: a catoblepas (severely wounded)
The roots erupt in riotous growth!
Roots grab the catoblepas.
You feel like a meek peon again.
The grasping roots constrict the catoblepas.
The catoblepas gores you!
* * * LOW HITPOINT WARNING * * *
Unknown command.
Unknown command.
Unknown command.
The grasping roots constrict the catoblepas.
The catoblepas escapes!
The catoblepas attacks as it pursues you!
The catoblepas gores you!!
You die...

.#.........(..####### ###...#
.##..♣...♣...##..######....##
....♣.....♣................P#
.....P♣.♣..................##
###....>.......P#######.#..#
#....♣.♣.......# # ####..#
###.♣P..P.♣....#####.##.#..#
.....♣...♣.................#
...............Y@..........##
....#.##.#...#..###P##P.....#
....##########..# #####..##
....# #..# ##..# ....####
#..# ### #...##
....##.#######..####.####...#
.†........>................##
...........................#
....#.#.#.##.#..#####..##..#


You could see a catoblepas.

Vanquished Creatures
  3 two-headed ogres
  A cyclops (D:11)
  A manticore (D:11)
  A black mamba (Lair:1)
  A cane toad (Lair:1)
  An unseen horror (D:10)
  A rime drake (Lair:1)
  Jeremiah (D:6)
  A komodo dragon (Lair:1)
  3 kobold demonologists (D:10)
  Psyche (D:11)
  3 trolls
  Grinder (D:3)
  A hornet (D:10)
  8 blink frogs (Lair:1)
  7 wyverns
  A vampire (D:9)
  5 yaks
  6 basilisks (Lair:1)
  6 water moccasins
  2 ice beasts
  2 sky beasts (D:7)
  3 orc warriors
  A black bear (D:4)
  An ogre (D:5)
  3 centaurs
  6 kobold brigands
  5 bullfrogs
  5 scorpions
  13 wights
  16 killer bees
  7 howler monkeys (D:10)
  A bombardier beetle (D:5)
  4 jellies
  2 sleepcaps
  7 orc priests
  2 gnoll boudas
  A hound (D:6)
  6 iguanas
  10 orc wizards
  Natasha (thrice) (D:2)
  Robin (D:2)
  8 gnolls
  5 adders
  A shadow imp (D:7)
  4 white imps
  3 dart slugs
  5 ribbon worms
  34 orcs
  6 ball pythons
  3 bats
  4 endoplasms
  3 giant cockroaches
  11 goblins
  8 hobgoblins
  2 jackals (D:4)
  31 kobolds
  5 quokkas
  A frilled lizard (D:2)
  3 rats
291 creatures vanquished.

Notes
Turn   | Place    | Note
-------+----------+-------------------------------------------
     0 | D:1      | DEFE the Coglin Fighter began the quest for the Orb.
     0 | D:1      | Reached XP level 1. HP: 18/18 MP: 1/1
    62 | D:1      | Found Fedwad's Weapon Emporium.
   286 | D:1      | Reached XP level 2. HP: 24/24 MP: 2/2
   670 | D:2      | Reached skill level 1 in Polearms
   799 | D:2      | Reached XP level 3. HP: 29/29 MP: 3/3
   981 | D:2      | Noticed Natasha
   989 | D:2      | Killed Natasha
   990 | D:2      | Reached XP level 4. HP: 14/35 MP: 4/4
  1493 | D:2      | Noticed Robin
  1529 | D:2      | Killed Robin
  1887 | D:2      | Noticed Natasha
  1898 | D:2      | Killed Natasha
  1899 | D:2      | Reached XP level 5. HP: 40/41 MP: 5/5
  1921 | D:2      | Noticed Natasha
  1928 | D:2      | Killed Natasha
  2168 | D:3      | Found a blossoming altar of Fedhas.
  2243 | D:3      | Noticed Grinder
  2533 | D:3      | Found a broken altar of Ashenzari.
  2533 | D:3      | Found a hide-covered altar of Uskayaw.
  2591 | D:3      | Found Zisuw's Antique Weapon Shop.
  2598 | D:3      | Bought a sling for 30 gold pieces
  3254 | D:3      | Paralysed by Grinder for 5 turns
  3264 | D:3      | Paralysed by Grinder for 3 turns
  3270 | D:3      | Killed Grinder
  3271 | D:3      | Reached skill level 1 in Ranged Weapons
  3271 | D:3      | Reached XP level 6. HP: 12/47 MP: 6/6
  3501 | D:4      | Found Qiekh's Assorted Antiques.
  3512 | D:4      | Reached skill level 2 in Ranged Weapons
  3512 | D:4      | Reached XP level 7. HP: 48/52 MP: 7/7
  3622 | D:4      | Reached skill level 5 in Armour
  3931 | D:4      | Found a staircase to the Ecumenical Temple.
  3951 | Temple   | Entered the Ecumenical Temple
  4320 | D:4      | Reached skill level 3 in Ranged Weapons
  4706 | D:4      | Identified the +6 dagger of Veptaom {venom, Will+ Str+4}
  4895 | D:4      | Found an iron altar of Okawaru.
  4905 | D:4      | Became a worshipper of Warmaster Okawaru
  5308 | D:5      | Entered Level 5 of the Dungeon
  5308 | D:5      | Found an ancient bone altar of Kikubaaqudgha.
  5396 | D:5      | Reached skill level 5 in Polearms
  5436 | D:5      | Reached XP level 8. HP: 46/58 MP: 8/8
  5546 | D:5      | HP: 2/58 [ice beast (14)]
  5550 | D:5      | Reached skill level 4 in Ranged Weapons
  6793 | D:4      | Reached * piety under Okawaru
  6794 | D:4      | Reached skill level 5 in Ranged Weapons
  7539 | D:6      | Noticed Jeremiah
  7556 | D:6      | Killed Jeremiah
  7557 | D:6      | Reached XP level 9. HP: 40/63 MP: 9/9
  7694 | D:6      | Found a sacrificial altar of Ru.
  7700 | D:6      | Reached skill level 6 in Ranged Weapons
  8424 | D:6      | Reached skill level 7 in Ranged Weapons
  8481 | D:6      | You fall into a shaft and drop 2 floors!
  9817 | D:8      | Found a shadowy altar of Dithmenos.
  9969 | D:7      | Reached ** piety under Okawaru
  9978 | D:6      | Reached skill level 8 in Ranged Weapons
 10089 | D:6      | Found a sparkling altar of Nemelex Xobeh.
 10549 | D:7      | Reached skill level 9 in Ranged Weapons
 10930 | D:7      | Reached XP level 10. HP: 63/70 MP: 10/10
 11614 | D:8      | Found a staircase to the Lair.
 11674 | D:8      | Reached skill level 10 in Ranged Weapons
 11834 | D:8      | Found an ornate altar of the Wu Jian Council.
 11989 | D:8      | Found Wutwuo Yfuo's Antique Weapon Boutique.
 13143 | D:9      | Reached skill level 1 in Invocations
 13280 | D:9      | Reached *** piety under Okawaru
 13372 | D:9      | Noticed a two-headed ogre
 13382 | D:9      | Killed a two-headed ogre
 13483 | D:9      | Reached skill level 11 in Ranged Weapons
 15107 | D:10     | Entered Level 10 of the Dungeon
 15237 | D:10     | Found a staircase to the Orcish Mines.
 15255 | D:10     | Noticed a two-headed ogre
 15278 | D:10     | Killed a two-headed ogre
 15278 | D:10     | Reached **** piety under Okawaru
 15279 | D:10     | Reached XP level 11. HP: 19/75 MP: 12/14
 16035 | D:10     | Paralysed by a hornet for 3 turns
 16045 | D:10     | Reached skill level 5 in Invocations
 16377 | D:10     | Found a stormy altar of Qazlal.
 17403 | D:11     | Noticed a two-headed ogre
 17439 | D:11     | Killed a two-headed ogre
 17440 | D:11     | Reached skill level 1 in Dodging
 17623 | D:11     | Noticed Psyche
 17635 | D:11     | Killed Psyche
 17636 | D:11     | Reached skill level 12 in Ranged Weapons
 17790 | D:11     | Noticed a cyclops
 18034 | D:11     | Killed a cyclops
 19294 | D:11     | Noticed a manticore
 19302 | D:11     | Killed a manticore
 19353 | D:11     | Noticed a cyclops
 19606 | D:1      | Bought the +7 sling "Jeuff" {antimagic, Int+5} for 570 gold
                  | pieces
 20204 | Lair:1   | Entered Level 1 of the Lair of Beasts
 20204 | Lair:1   | Noticed a catoblepas
 20555 | Lair:1   | Reached ***** piety under Okawaru
 20556 | Lair:1   | Reached XP level 12. HP: 73/81 MP: 5/16
 20692 | Lair:1   | Reached skill level 5 in Dodging
 21182 | Lair:1   | Reached skill level 13 in Ranged Weapons
 21381 | Lair:1   | Demolished by a catoblepas

Illustrated notes

Levels and vault maps discovered:
D:1:      sevenhm_arrival_forest_fort_large_3, layout_basic, serial_shops, shop,
          grunt_decor_cap
D:2:      layout_loops_corners, minmay_tetromino_o2, uniq_robin, uniq_natasha
D:3:      layout_basic, fedhas_altar_fruit_tree,
          mainiacjoe_overflow_large_starburst, serial_shops, shop, uniq_grinder
D:4:      layout_basic, kennysheep_okawaru_gauntlet,
          minmay_temple_entry_drinking_statues, serial_shops, shop
D:5:      layout_basic, mainiacjoe_overflow_concentric_impassable, fountainhead,
          serial_library_hellmonk_room_b
D:6:      layout_loops_cross, lemuel_crystal_altar, old_standard_altar,
          uniq_jeremiah
D:7:      layout_loops_ring
D:8:      layout_loops_corners, old_standard_altar,
          nicolae_wu_jian_wuxing_cycle, dpeg_oklobed_lair, serial_shops, shop
D:9:      layout_irregular_city, nzn_life_drinkers
D:10:     layout_irregular_city, nicolae_qazlal_style_of_elements, orc_0_dummy
D:11:     layout_layer_cave, uniq_psyche
Temple:   hellmonk_temple_two_chambers
Lair:1:   regret_index_malice_mire, layout_long_grid, grunt_forest_stairs_basic

Skill      XL: |  1  2  3  4  5  6  7  8  9 10 11 12 |
---------------+-------------------------------------+-----
Armour         | 3 4 5 |  5.0
Polearms       | 1 2 3 5 6 7 |  7.0
Ranged Weapons | 1 2 3 5 9 11 12 13 | 13.0
Invocations    | 4 6 7 |  7.2
Dodging        | 4 5 |  5.4
Fighting       | |  3.0
Axes           | |  2.2
Shields        | |  2.1

Action                     |  1- 3 |  4- 6 |  7- 9 | 10-12 || total
---------------------------+-------+-------+-------+-------++-------
  Melee: War axe           |    57 |   150 |   120 |       ||   327
         Dagger            |       |       |   452 |   823 ||  1275
   Fire: Sling             |       |       |       |   382 ||   382
  Throw: Dart              |       |       |       |     7 ||     7
 Invoke: Heroism           |       |       |     3 |    15 ||    18
  Evoke: Wand              |       |       |     5 |    16 ||    21
    Use: Potion            |       |     1 |     6 |    10 ||    17
         Scroll            |       |       |    10 |    10 ||    20
   Stab: Sleeping          |       |     1 |       |     2 ||     3
         Paralysed         |       |       |       |     6 ||     6
 Armour: Scale mail        |    45 |   101 |       |       ||   146
         Robe              |       |    14 |   255 |    44 ||   313
         Skin              |       |       |    52 |       ||    52
         Leather armour    |       |       |       |   197 ||   197
         Troll leather arm |       |       |       |   227 ||   227
  Dodge: Dodged            |    20 |    63 |   136 |   308 ||   527
  Block: Buckler           |    13 |    44 |    28 |       ||    85

Table legend: (Time is in decaauts)
 A = Elapsed time spent in this place.
 B = Non-inter-level travel time spent in this place.
 C = Inter-level travel time spent in this place.
 D = Time resting spent in this place.
 E = Time spent auto-exploring this place.
 F = Levels seen in this place.
 G = Mean time per level.
                   A        B        C        D        E       F      G
               +--------+--------+--------+--------+--------+-----+--------+
         Total |  21454 |  20126 |   1328 |   9311 |   7752 |  13 | 1650.3 |
       Dungeon |  19953 |  18626 |   1327 |   8560 |   7325 |  11 | 1813.9 |
        Temple |    359 |    359 |      0 |    316 |      0 |   1 |  359.0 |
          Lair |   1141 |   1141 |      0 |    435 |    427 |   1 | 1141.0 |
               +--------+--------+--------+--------+--------+-----+--------+

Top non-repeatable levels by time:
     D:8: 3025 daAuts
    D:10: 2477 daAuts
     D:9: 2379 daAuts
     D:4: 2031 daAuts
    D:11: 1718 daAuts
     D:5: 1660 daAuts
     D:2: 1647 daAuts
     D:3: 1546 daAuts
     D:7: 1484 daAuts
     D:6: 1213 daAuts
  Lair:1: 1141 daAuts
     D:1: 769 daAuts
  Temple: 359 daAuts
